 Dungeon Crawl Stone Soup version 0.23-a0-171-g5ae17c6 (webtiles) character file.

31 Inarius the Skirmisher (level 3, -1/29 HPs)
             Began as a Mummy Fighter on Sept 14, 2018.
             Slain by an adder (2 damage)
             ... on level 2 of the Dungeon.
             The game lasted 00:01:12 (796 turns).

Inarius the Skirmisher (Mummy Fighter)               Turns: 796, Time: 00:01:13

Health: -1/29      AC:  6    Str: 20    XL:     3   Next: 7%
Magic:  3/3        EV:  7    Int:  7    God:
Gold:   129        SH:  9    Dex: 11    Spells: 2/2 levels left

rFire    x . .     SeeInvis .   a - +0 long sword
rCold    + . .     Gourm    .   c - +0 shield
rNeg     + + +     Faith    .   b - +0 scale mail
rPois    ∞         Spirit   .   (no helmet)
rElec    .         Reflect  .   (no cloak)
rCorr    .         Harm     .   (no gloves)
MR       .....                  (no boots)
Stlth    ..........             (no amulet)
HPRegen  0.09/turn              (no ring)
MPRegen  0.08/turn              (no ring)

@: no status effects
A: no food or potions, fire vulnerability, cold resistance 1, negative energy
resistance 3, torment resistance, unbreathing
a: no special abilities


You were on level 2 of the Dungeon.
You were not hungry.

You visited 1 branch of the dungeon, and saw 2 of its levels.

You collected 129 gold pieces.

Inventory:

Hand Weapons
 a - a +0 long sword (weapon)
Missiles
 f - 4 poisoned tomahawks (quivered)
Armour
 b - a +0 scale mail (worn)
 c - a +0 shield (worn)
Scrolls
 d - a scroll of enchant armour {unknown}
 e - a scroll of identify {unknown}
 g - 2 scrolls of remove curse {unknown}
 h - a scroll of immolation {unknown}
 i - a scroll of magic mapping {unknown}


   Skills:
 * Level 3.5 Fighting
 - Level 1.5 Long Blades
 + Level 2.8 Armour
 + Level 2.7 Shields


You had 2 spell levels left.
You didn't know any spells.
Your spell library was empty.

Dungeon Overview and Level Annotations

Branches:
Dungeon (2/15)

Altars:


Innate Abilities, Weirdness & Mutations

You do not eat or drink.
Your flesh is vulnerable to fire.
You are immune to poison.
Your flesh is cold resistant. (rC+)
You are immune to negative energy. (rN+++)
You are immune to unholy pain and torment.
You can survive without breathing.


Message History

The adder bites you.
* * * LOW HITPOINT WARNING * * *
You block the adder's attack.
You hit the adder.
The adder is heavily wounded.
The adder bites you.
* * * LOW HITPOINT WARNING * * *
You block the adder's attack.
Sorry, you're not good enough to have a special ability.
Unknown command.
You aren't carrying any items that you can evoke.
Unknown command.
Throwing (i - inventory)
f - 5 poisoned tomahawks (quivered)
Press: ? - help, Shift-Dir - straight line, f - adder
Aim: an adder (heavily wounded)
You throw a poisoned tomahawk. The poisoned tomahawk hits the adder.
The adder is poisoned.
The adder is severely wounded.
The adder bites you.
You die...

#........################
+...............
#..............#######+
#.>............#.......
#........#+#+###.......
######+#.......#.......
#.......#...$..≈
#.......#.......
#.....†@#......$
..........SK..≈.[≈
##.#.......#.......
#.#.#+#+###....... # #.
......≈ .. ....... .#.
....... ....... ######+


You could see an adder and a kobold.

Vanquished Creatures
  A leopard gecko (D:1)
  A ball python (D:2)
  A giant cockroach (D:1)
  3 goblins
  7 hobgoblins
  3 bats
  A frilled lizard (D:1)
  4 kobolds (D:1)
  7 rats (D:1)
28 creatures vanquished.

Notes
Turn   | Place    | Note
-------+----------+-------------------------------------------
     0 | D:1      | Inarius the Mummy Fighter began the quest for the Orb.
     0 | D:1      | Reached XP level 1. HP: 18/18 MP: 1/1
   147 | D:1      | Reached XP level 2. HP: 24/24 MP: 2/2
   764 | D:2      | Reached XP level 3. HP: 29/29 MP: 3/3
   795 | D:2      | HP: 1/29 [adder (1)]
   796 | D:2      | Slain by an adder

Vault maps used:
D:1:      saegor_arrival_simple_c, minmay_tiny_reverse_x
D:2:      kennysheep_generic_room_2, uniq_robin

Action                   || total
-------------------------++-------
Melee: Long sword        ||   102
Throw: Tomahawk          ||     1
Armor: Scale mail        ||    51
Dodge: Dodged            ||    44
Block: Shield            ||    70
       Rpst.: Long sword ||    10

Table legend:
 A = Non-vault XP
 B = Vault XP
 C = Vault XP percentage of total XP
 D = Non-vault monster count
 E = Vault monster count
 F = Vault count percentage of total count
                 A         B        C        D         E       F
            +---------+---------+-------+---------+---------+-------
      Total |      41 |       4 |   8.9 |      25 |       3 |  10.7
            +---------+---------+-------+---------+---------+-------
        D:1 |      33 |       3 |   8.3 |      21 |       2 |   8.7
        D:2 |       8 |       1 |  11.1 |       4 |       1 |  20.0
            +---------+---------+-------+---------+---------+-------
